 Dungeon Sprint DCSS version 0.28-b1-1-g3c77fb2ed1 (webtiles) character file.

Game seed: 9625369906661536282

10369 boopmooplesden the Tortoise (level 11, -6/171 HPs)
             Began as a Minotaur Fighter on Jan 28, 2022.
             Was a High Priest of Okawaru.
             Mangled by a bone dragon (10 damage)
             ... in the Dungeon (Sprint II: "The Violet Keep of Menkaure").
             The game lasted 00:06:30 (3340 turns).

boopmooplesden the Tortoise (Minotaur Fighter)      Turns: 3340, Time: 00:06:30

Health: -6/171     AC: 18    Str: 22    XL:     11   Next: 35%
Magic:  10/11      EV: 14    Int:  5    God:    Okawaru [*****.]
Gold:   742        SH: 10    Dex: 21    Spells: 10/10 levels left

rFire   + + +      SeeInvis .   l - +9 spear of Pandemonium {venom, *Rage Fly rF++ Dex+4}
rCold   . . .      Faith    .   c - +0 buckler
rNeg    . . .      Spirit   .   k - +4 chain mail {rF+}
rPois   .          Reflect  .   (helmet restricted)
rElec   .          Harm     .   (no cloak)
rCorr   .          Rampage  .   d - +0 pair of gloves
Will    .....      Rage     20% (no boots)
Stlth   .......... NoTele   +   (no amulet)
HPRegen 0.38/turn               u - +6 ring of dexterity
MPRegen 0.12/turn               (no ring)

@: berserking, heroic, flying, slowed
A: horns 2, retaliatory headbutt, clumsy 1, deformed body, screaming 1
a: Renounce Religion, Heroism, Finesse


You were in the Dungeon.
You worshipped Okawaru.
Okawaru was extremely pleased with you.
You visited 1 branch You collected 1284 gold pieces.
You spent 542 gold pieces at shops.

Inventory:

Hand Weapons
 a - a +0 long sword
 l - the +9 spear of Pandemonium (weapon) {venom, *Rage Fly rF++ Dex+4}
   (You bought it in a shop in the Dungeon)

   It poisons the flesh of those it strikes.
   Dex:       It affects your dexterity (+4).
   rF:        It greatly protects you from fire.
   Fly:       It grants you flight.
   *Rage:     It berserks you when you make melee attacks (+20% chance).
Armour
 b - a +0 scale mail
 c - a +0 buckler (worn)
 d - a +0 pair of gloves (worn)
 k - a +4 chain mail of fire resistance (worn)
Jewellery
 u - a +6 ring of dexterity (left hand)
 y - a ring of magical power
Scrolls
 i - 2 scrolls of immolation {unknown}
 j - 2 scrolls of blinking
 m - a scroll of fog {unknown}
 r - a scroll of silence {unknown}
 s - 4 scrolls of fear {unknown}
 t - a scroll of enchant armour {unknown}
 v - a scroll of enchant weapon {unknown}
 w - a scroll of magic mapping {unknown}
 z - a scroll of holy word {unknown}
Potions
 e - a potion of curing
 g - 2 potions of haste
 h - 5 potions of magic
 o - 4 potions of resistance
 p - a potion of attraction
 q - 2 potions of invisibility
 x - 3 potions of flight
 A - a potion of lignification {unknown}


   Skills:
 + Level 16.0(21.0) Fighting
 + Level 14.8(19.8) Long Blades
 + Level 12.6(17.6) Polearms
 + Level 17.6(22.6) Armour
 + Level 4.1(9.1) Dodging
 + Level 2.4(7.4) Stealth
 + Level 14.5(19.5) Shields
 + Level 2.1 Invocations


You had 10 spell levels left.
You didn't know any spells.
Your spell library contained the following spells:

 Spells                   Type           Power      Damage    Failure   Level
 Foxfire                  Conj/Fire      0%         2x1d4     88%         1
 Conjure Flame            Conj/Fire      0%         6-21      99%         3
 Inner Flame              Hex/Fire       0%         N/A       99%         3
 Flame Wave               Conj/Fire      0%         2d4       100%        4


Dungeon Overview and Level Annotations

Branches:
Dungeon (1/1)

Altars:
Cheibriados
Dithmenos
Elyvilon
Fedhas
Gozag
Hepliaklqana
Kikubaaqudgha
Makhleb
Nemelex Xobeh
Okawaru
Qazlal
Ru
Sif Muna
Trog
Uskayaw
Vehumet
Wu Jian
Xom
Yredelemnul
Zin
The Shining One
Beogh
Jiyva
Lugonu

Shops:
D [=:!?:((:=*[*!:

Annotations:
D exclusions: obsidian statue and oklob plant, Roxanne


Innate Abilities, Weirdness & Mutations

You have a pair of horns on your head.
You reflexively headbutt those who attack you in melee.
You are clumsy. (Dex -2)
Armour fits poorly on your strangely shaped body.
You occasionally shout uncontrollably at your foes.


Message History

* * * LOW HITPOINT WARNING * * *
The bolt of lightning hits you!!
* * * LOW HITPOINT WARNING * * *
The bolt of lightning hits the storm dragon.
The storm dragon completely resists.
You hit the storm dragon.
The storm dragon is poisoned.
The storm dragon is lightly wounded.
The bone dragon bites you but does no damage.
The bone dragon closely misses you. You block the bone dragon's attack.
The storm dragon bites you but does no damage.
You block the storm dragon's attack. x2
You hit the storm dragon.
The storm dragon is lightly wounded.
You puncture the storm dragon!
The storm dragon looks as sick as possible!
The storm dragon is lightly wounded.
You completely miss the storm dragon.
The storm dragon is lightly wounded.
The cacodemon hits you!
* * * LOW HITPOINT WARNING * * *
The cacodemon hits you.
* * * LOW HITPOINT WARNING * * *
You block the bone dragon's attack. The bone dragon claws you.
* * * LOW HITPOINT WARNING * * *
The bone dragon closely misses you. The storm dragon bites you.
* * * LOW HITPOINT WARNING * * *
The storm dragon closely misses you. You block the storm dragon's attack.
You impale the storm dragon!!
The storm dragon is moderately wounded.
You hit the storm dragon.
The storm dragon is heavily wounded.
The cacodemon gestures at you.
You feel yourself slow down. The storm dragon misses you. x2
The storm dragon completely misses you.
You puncture the storm dragon!
The storm dragon is heavily wounded.
You block the bone dragon's attack.
The bone dragon claws you but does no damage.
The bone dragon tramples you!
You die...

### +.≈§..8§§≈≈≈# +°°
D##...####≈≈§≈..§≈.# #.°
2DD..DD.≈##.§.≈.§§# #.°
#########≈≈#+++#'''## #)
########≈≈≈......≈≈.# #:
.......#≈≈≈≈.##)##≈.# #. #=
...⌠...#≈≈≈≈..§#...≈#### +.##.#=
..∩.∩..#≈≈≈≈...##D#....# ...###
.∩.∩.∩.#≈≈###≈DD@####..## #..##.
∩...∩.∩#≈##.##.2###.##..# +..#..
.∩...∩.#≈#.#.##.##...#..# #..#..
∩.....∩'≈'###'.<.'###†..####..##.
.......#≈#.#.##.#....#....###...#
▓▓▓▓▓###≈##.###'##..##..§...≈≈)≈≈
ll######≈≈####.#.####≈≈.§...≈#'##
.h#E? ##≈≈≈#..##.#≈≈≈§≈≈≈..≈#...
P(+$.#+ #'#≈##..###≈≈≈≈≈≈§≈.≈#_._


You could see a bone dragon, a golden dragon, a storm dragon (extremely
poisoned) and a cacodemon.

Vanquished Creatures
  A kraken (D)
  Kirke (D)
  A great orb of eyes (D)
  A yaktaur captain (D)
  2 boulder beetles (D)
  A centaur warrior (D)
  A skeletal warrior (D)
  A kobold demonologist (D)
  A yaktaur (D)
  3 polar bears (D)
  A hornet (D)
  12 flying skulls (D)
  2 wyverns (D)
  A vampire mosquito (D)
  4 neqoxecs (D)
  Menkaure (D)
  5 water moccasins (D)
  3 worms (D)
  4 tentacles (D)
46 creatures vanquished.

Vanquished Creatures (others)
  12 tentacles (D)
12 creatures vanquished.

Grand Total: 58 creatures vanquished

Notes
Turn   | Place    | Note
-------+----------+-------------------------------------------
     0 | D        | boopmooplesden the Minotaur Fighter began the quest for the
                  | Orb.
     0 | D        | Reached XP level 1. HP: 19/19 MP: 0/0
     1 | D        | Noticed a boulder beetle
     1 | D        | Noticed a boulder beetle
    11 | D        | Reached skill level 4 in Armour
    15 | D        | Reached XP level 2. HP: 28/28 MP: 1/1
    26 | D        | Noticed a neqoxec
    26 | D        | Noticed a neqoxec
    26 | D        | Noticed a neqoxec
    26 | D        | Noticed a neqoxec
    26 | D        | Gained mutation: You occasionally shout uncontrollably at
                  | your foes. [a neqoxec]
    31 | D        | Killed a neqoxec
    32 | D        | Reached skill level 7 in Armour
    32 | D        | Reached XP level 3. HP: 39/39 MP: 2/2
    32 | D        | Reached XP level 4. HP: 47/47 MP: 3/3
    32 | D        | Reached XP level 5. HP: 52/52 MP: 4/4
    34 | D        | Killed a neqoxec
    35 | D        | Reached skill level 8 in Armour
    35 | D        | Reached XP level 6. HP: 58/62 MP: 5/5
    35 | D        | Gained mutation: Armour fits poorly on your strangely
                  | shaped body. [a neqoxec]
    41 | D        | Killed a neqoxec
    42 | D        | Reached skill level 9 in Armour
    42 | D        | Gained mutation: You are clumsy. (Dex -2) [a neqoxec]
    45 | D        | Killed a neqoxec
    46 | D        | Reached XP level 7. HP: 33/71 MP: 6/6
   189 | D        | Noticed Menkaure
   200 | D        | Killed Menkaure
   201 | D        | Reached skill level 10 in Fighting
   201 | D        | Reached skill level 10 in Armour
   201 | D        | Noticed an obsidian statue
   367 | D        | Noticed a wyvern
   367 | D        | Noticed a wyvern
   373 | D        | Killed a wyvern
   374 | D        | Reached skill level 10 in Long Blades
   374 | D        | Reached skill level 10 in Shields
   378 | D        | Killed a wyvern
   384 | D        | Found Coliank's Assorted Antiques.
   384 | D        | Found Cuck's Distillery.
   384 | D        | Found Xoamat's Assorted Antiques.
   384 | D        | Found Luwoor's Antique Armour Emporium.
   384 | D        | Found Rawe Hubb's Book Shoppe.
   384 | D        | Found Vadesmas's Jewellery Shoppe.
   385 | D        | Found Ucwaibb's Antique Weapon Emporium.
   386 | D        | Found Addabedd's Book Emporium.
   386 | D        | Found Peineawk's Antique Weapon Shoppe.
   386 | D        | Found Sumossiy's Book Emporium.
   386 | D        | Noticed a polar bear
   634 | D        | Noticed a vampire mosquito
   641 | D        | Killed a vampire mosquito
   642 | D        | Reached skill level 11 in Armour
   650 | D        | Found Tozot's Magic Scroll Shoppe.
   650 | D        | Found Geog Buk's Distillery.
   650 | D        | Noticed a polar bear
   650 | D        | Noticed an oklob plant
   650 | D        | Noticed a wyvern
   651 | D        | Found Vawuxt's Jewellery Shoppe.
   651 | D        | Found Iceic's Antique Armour Emporium.
   651 | D        | Found Arche's Book Shoppe.
   651 | D        | Noticed a wyvern
   662 | D        | Reached XP level 8. HP: 37/82 MP: 7/7
   740 | D        | Bought a pair of gloves for 99 gold pieces
   751 | D        | Noticed an iron elemental
   753 | D        | Bought a runed chain mail for 195 gold pieces
   772 | D        | Bought a smoking spear for 248 gold pieces
   772 | D        | Identified the +9 spear of Pandemonium {venom, *Rage Fly
                  | rF++ Dex+4} (You bought it in a shop in the Dungeon)
   918 | D        | Identified Roxanne's Disquisition on Changing
   918 | D        | Noticed Roxanne
   928 | D        | Found a glowing golden altar of the Shining One.
   928 | D        | Found an ornate altar of the Wu Jian Council.
   929 | D        | Found a shimmering altar of Xom.
   929 | D        | Found a sacrificial altar of Ru.
   930 | D        | Found a basalt altar of Yredelemnul.
   930 | D        | Found a shimmering blue altar of Sif Muna.
  1247 | D        | Found a glowing silver altar of Zin.
  1247 | D        | Found a bloodstained altar of Trog.
  1247 | D        | Found an ancient bone altar of Kikubaaqudgha.
  1247 | D        | Found a stormy altar of Qazlal.
  1247 | D        | Found a viscous altar of Jiyva.
  1248 | D        | Found a hide-covered altar of Uskayaw.
  1248 | D        | Found a corrupted altar of Lugonu.
  1248 | D        | Found a shadowy altar of Dithmenos.
  1249 | D        | Found a radiant altar of Vehumet.
  1249 | D        | Found a burning altar of Makhleb.
  1249 | D        | Found a white marble altar of Elyvilon.
  1250 | D        | Found a sparkling altar of Nemelex Xobeh.
  1250 | D        | Found a blossoming altar of Fedhas.
  1252 | D        | Found an iron altar of Okawaru.
  1252 | D        | Found an opulent altar of Gozag.
  1252 | D        | Found a hazy altar of Hepliaklqana.
  1252 | D        | Found a snail-covered altar of Cheibriados.
  1252 | D        | Noticed a hornet
  1252 | D        | Noticed a polar bear
  1252 | D        | Noticed a polar bear
  1252 | D        | Noticed a polar bear
  1253 | D        | Noticed a yaktaur
  1266 | D        | Paralysed by a hornet for 1 turns
  1269 | D        | Killed a hornet
  1273 | D        | Killed a polar bear
  1274 | D        | Reached skill level 1 in Polearms
  1274 | D        | Reached skill level 12 in Armour
  1277 | D        | Killed a polar bear
  1279 | D        | Killed a polar bear
  1280 | D        | Reached XP level 9. HP: 58/91 MP: 8/8
  1282 | D        | Killed a yaktaur
  1296 | D        | Became a worshipper of Warmaster Okawaru
  1315 | D        | Noticed a kraken
  1327 | D        | Reached skill level 1 in Dodging
  1336 | D        | Reached skill level 13 in Armour
  1713 | D        | Reached skill level 1 in Stealth
  1716 | D        | Reached skill level 5 in Polearms
  1720 | D        | Reached * piety under Okawaru
  1745 | D        | Reached skill level 14 in Armour
  1751 | D        | Reached ** piety under Okawaru
  1759 | D        | Reached XP level 10. HP: 31/102 MP: 9/9
  1772 | D        | HP: 4/102 [flying skull (9)]
  2214 | D        | Killed a kraken
  2214 | D        | Reached *** piety under Okawaru
  2215 | D        | Reached skill level 15 in Armour
  2487 | D        | Killed a boulder beetle
  2488 | D        | Killed a boulder beetle
  2489 | D        | Reached skill level 10 in Polearms
  2489 | D        | Reached skill level 16 in Armour
  2489 | D        | Reached skill level 1 in Invocations
  2791 | D        | Noticed Kirke
  2791 | D        | Noticed a skeletal warrior
  2792 | D        | Noticed a yaktaur captain
  2810 | D        | Killed a skeletal warrior
  2811 | D        | Reached skill level 15 in Fighting
  2817 | D        | Noticed a manticore
  2818 | D        | Killed Kirke
  2818 | D        | Reached **** piety under Okawaru
  2819 | D        | Reached XP level 11. HP: 112/112 MP: 7/11
  2853 | D        | Killed a yaktaur captain
  2853 | D        | Reached ***** piety under Okawaru
  2854 | D        | Reached skill level 17 in Armour
  2966 | D        | Noticed a centaur warrior
  2971 | D        | Killed a centaur warrior
  2972 | D        | Noticed a great orb of eyes
  2986 | D        | Killed a great orb of eyes
  3304 | D        | Noticed a storm dragon
  3304 | D        | Noticed a bone dragon
  3305 | D        | Noticed a golden dragon
  3305 | D        | Noticed a cacodemon
  3337 | D        | HP: 4/171 [storm dragon (5)]
  3340 | D        | Mangled by a bone dragon

Illustrated notes

Levels and vault maps discovered:
D:        the_violet_keep_of_menkaure [sprint2_stairs_cluster_1,
          sprint2_shoproom, sprint2_temple, sprint2_basic_supplies,
          sprint2_obstacle_3, sprint2_obstacle_1, sprint2_obstacle_6,
          sprint2_obstacle_7, sprint2_obstacle_5, sprint2_timed_cluster_1,
          sprint2_smallroom_cluster_1, sprint2_smallroom_final_cluster_1,
          sprint2_transparent_cluster_1, sprint2_second_timed_cluster_1,
          sprint2_sniper_area_1, sprint2_heavy_combat_area_1,
          sprint2_mutation_trap_area_1, sprint2_forest_area_1,
          sprint2_light_combat_area_1, sprint2_behind_water_1,
          sprint2_near_end_vault_1]

Skill      XL: |  1  2  3  4  5  6  7  8  9 10 11 |
---------------+----------------------------------+-----
Fighting       | 4 7 8 9 11 12 13 15 16 | 16.0
Armour         | 4 7 8 9 11 12 14 16 17 | 17.6
Shields        | 4 7 8 9 10 11 12 14 | 14.5
Long Blades    | 3 6 7 9 11 13 14 | 14.8
Polearms       | 2 7 11 12 | 12.6
Dodging        | 2 3 4 |  4.1
Stealth        | 1 2 |  2.4
Invocations    | 1 2 |  2.1

Action                   |  1- 3 |  4- 6 |  7- 9 | 10-12 || total
-------------------------+-------+-------+-------+-------++-------
Melee: Long sword        |    11 |    14 |    27 |       ||    52
       Headbutt          |     1 |     3 |    18 |    30 ||    52
       Spear             |       |       |    81 |   116 ||   197
Invok: Heroism           |       |       |       |     4 ||     4
  Use: Potion            |     1 |       |     1 |     1 ||     3
       Scroll            |       |       |       |     4 ||     4
Armor: Scale mail        |     1 |     1 |     4 |       ||     6
       Chain mail        |       |       |    39 |    27 ||    66
Dodge: Dodged            |     5 |     3 |    44 |    29 ||    81
Block: Buckler           |     1 |     1 |    31 |    29 ||    62
